DBL
NEW YORK METS @ LOS ANGELES DODGERS
06/08/1997
 
TOP OF THE 1ST
New York Mets batting - Pitching for Los Angeles Dodgers : RHP Ugueth Urbina
Pitching: RHP Ugueth Urbina
Batting: LHB Tony Tarasco 0-0: Foul Ball, location: 2F
0-1: Ground out 6-3 (Groundball, 6, EV 98.8 MPH)
Batting: RHB Magglio Ordonez 0-0: Ball
1-0: Swinging Strike
1-1: Foul Ball, location: 2F
1-2: Foul Ball, location: 2F
1-2: Strikes out swinging
Batting: RHB Gary Sheffield 0-0: Called Strike
0-1: Ball
1-1: Swinging Strike
1-2: Ball
2-2: Strikes out looking
Top of the 1st over - 0 runs, 0 hits, 0 errors, 0 left on base; New York 0 - Los Angeles 0
BOTTOM OF THE 1ST
Los Angeles Dodgers batting - Pitching for New York Mets : RHP Manny Aybar
Pitching: RHP Manny Aybar
Batting: RHB Brian L Hunter 0-0: Ball
1-0: Ball
2-0: Swinging Strike
2-1: Ground out 5-3 (Groundball, 56S, EV 67.5 MPH)
Batting: LHB Ryan Klesko 0-0: Called Strike
0-1: Ball
1-1: Foul Ball, location: 2F
1-2: Strikes out swinging
Batting: LHB Shawn Green 0-0: Ball
1-0: Called Strike
1-1: Swinging Strike
1-2: Ball
2-2: Ball
3-2: Strikes out swinging
Bottom of the 1st over - 0 runs, 0 hits, 0 errors, 0 left on base; New York 0 - Los Angeles 0
TOP OF THE 2ND
New York Mets batting - Pitching for Los Angeles Dodgers : RHP Ugueth Urbina
Batting: RHB Sammy Sosa 0-0: Ball
1-0: Swinging Strike
1-1: Ball
2-1: Ball
3-1: Called Strike
3-2: SINGLE (Groundball, 4S, EV 73.1 MPH) (infield hit)
Batting: RHB Phil Nevin 0-0: Called Strike
Sammy Sosa steals 2nd base
0-1: Ball
1-1: Called Strike
1-2: Ball
2-2: Strikes out swinging
Batting: RHB Greg Colbrunn 0-0: Called Strike
0-1: Swinging Strike
0-2: Ball
1-2: Foul Ball, location: 2F
1-2: Ball
2-2: Strikes out swinging
Batting: RHB Olmedo Saenz 0-0: Swinging Strike
0-1: Swinging Strike
0-2: Strikes out looking
Top of the 2nd over - 0 runs, 1 hit, 0 errors, 1 left on base; New York 0 - Los Angeles 0
BOTTOM OF THE 2ND
Los Angeles Dodgers batting - Pitching for New York Mets : RHP Manny Aybar
Batting: LHB Rafael Palmeiro 0-0: Ball
1-0: Fly out, F9 (Line Drive, 9, EV 95.6 MPH)
Batting: RHB Torii Hunter 0-0: Fly out, F8 (Flyball, 8RS, EV 84.4 MPH)
Batting: RHB Joe Randa 0-0: Ball
1-0: Foul Ball, location: 2F
1-1: Fly out, F7 (Line Drive, 7D, EV 100.0 MPH)
Bottom of the 2nd over - 0 runs, 0 hits, 0 errors, 0 left on base; New York 0 - Los Angeles 0
TOP OF THE 3RD
New York Mets batting - Pitching for Los Angeles Dodgers : RHP Ugueth Urbina
Batting: LHB B.J. Surhoff 0-0: Foul Ball, location: 2F
0-1: Swinging Strike
0-2: Ball
1-2: Foul Ball, location: 2F
1-2: Strikes out swinging
Batting: RHB Tom Pagnozzi 0-0: Called Strike
0-1: Ball
1-1: Swinging Strike
1-2: Foul Ball, location: 2F
1-2: Foul Ball, location: 2F
1-2: Ball
2-2: Ball
3-2: Fly out, F7 (Flyball, 7, EV 85.0 MPH)
Batting: LHB Tony Tarasco 0-0: Swinging Strike
0-1: Swinging Strike
0-2: Ball
1-2: Ball
2-2: Strikes out looking
Top of the 3rd over - 0 runs, 0 hits, 0 errors, 0 left on base; New York 0 - Los Angeles 0
BOTTOM OF THE 3RD
Los Angeles Dodgers batting - Pitching for New York Mets : RHP Manny Aybar
Batting: SHB Jerry Browne 0-0: Ball
1-0: Foul Ball, location: 2F
1-1: Foul Ball, location: 2F
1-2: Ball
2-2: Ball
3-2: SINGLE (Line Drive, 6D, EV 95.6 MPH)
Batting: RHB Homer Bush 0-0: Ball
1-0: Bunt missed!
1-1: Sac Bunt to 2R - play at first, batter OUT! 2-4
Jerry Browne to second
Batting: SHB Jason Varitek 0-0: Ball
1-0: Called Strike
Jerry Browne steals 3rd base
1-1: Ball
2-1: DOUBLE (Flyball, 89XD, EV 104.4 MPH)
Jerry Browne scores
Batting: RHB Brian L Hunter 0-0: Ball
1-0: Called Strike
1-1: Foul Ball, location: 2F
1-2: Strikes out swinging
Batting: LHB Ryan Klesko 0-0: Ball
1-0: Foul Ball, location: 2F
1-1: Ball
2-1: Ground out 4-3 (Groundball, 4, EV 102.5 MPH)
Bottom of the 3rd over - 1 run, 2 hits, 0 errors, 1 left on base; New York 0 - Los Angeles 1
TOP OF THE 4TH
New York Mets batting - Pitching for Los Angeles Dodgers : RHP Ugueth Urbina
Batting: RHB Magglio Ordonez 0-0: Called Strike
0-1: Swinging Strike
0-2: Ball
1-2: Ball
2-2: Foul Ball, location: 2F
2-2: Foul Ball, location: 2F
2-2: Strikes out looking
Batting: RHB Gary Sheffield 0-0: Called Strike
0-1: Ball
1-1: Called Strike
1-2: Ball
2-2: SINGLE (Flyball, 8LS, EV 90.6 MPH)
Batting: RHB Sammy Sosa 0-0: Called Strike
Gary Sheffield steals 2nd base
0-1: Ball
Wild Pitch!
Gary Sheffield to third
1-1: Ground out 6-3 (Groundball, 6, EV 97.5 MPH)
Gary Sheffield scores
Batting: RHB Phil Nevin 0-0: Ground out 4-3 (Groundball, 4, EV 86.3 MPH)
Top of the 4th over - 1 run, 1 hit, 0 errors, 0 left on base; New York 1 - Los Angeles 1
BOTTOM OF THE 4TH
Los Angeles Dodgers batting - Pitching for New York Mets : RHP Manny Aybar
Batting: LHB Shawn Green 0-0: Ball
1-0: Ball
2-0: Ball
3-0: Called Strike
3-1: SINGLE (Groundball, 56, EV 97.5 MPH) (infield hit)
Batting: LHB Rafael Palmeiro 0-0: SINGLE (Groundball, 4MD, EV 98.1 MPH)
Shawn Green to second
Runner from 2nd tries for 3rd, SAFE, throw by CF made to third
Batting: RHB Torii Hunter 0-0: Ball
1-0: Ball
2-0: Foul Ball, location: 2F
2-1: Foul Ball, location: 2F
2-2: Foul Ball, location: 2F
2-2: Fielders Choice at 2nd, 6-4 (Groundball, 6, EV 80.0 MPH)
Shawn Green scores
Batting: RHB Joe Randa 0-0: DOUBLE (Line Drive, 9LM, EV 109.4 MPH)
Torii Hunter to third
Runner from 3rd tries for Home, SAFE, throw by RF to trailing runner, SAFE at third!
Batting: SHB Jerry Browne 0-0: Ball
1-0: Ball
2-0: SINGLE (Groundball, 34D, EV 96.9 MPH)
Joe Randa scores
Batting: RHB Homer Bush 0-0: Called Strike
0-1: Grounds into double play, 6-4-3 (Groundball, 6, EV 80.0 MPH)
Bottom of the 4th over - 3 runs, 4 hits, 0 errors, 0 left on base; New York 1 - Los Angeles 4
TOP OF THE 5TH
New York Mets batting - Pitching for Los Angeles Dodgers : RHP Ugueth Urbina
Batting: RHB Greg Colbrunn 0-0: Called Strike
0-1: Foul Ball, location: 2F
0-2: Ball
1-2: Ball
2-2: Strikes out swinging
Batting: RHB Olmedo Saenz 0-0: Ball
1-0: Swinging Strike
1-1: Fly out, F8 (Flyball, 8LD, EV 105.0 MPH)
Batting: LHB B.J. Surhoff 0-0: Ball
1-0: Ball
2-0: Ground out 4-3 (Groundball, 34, EV 106.3 MPH)
Top of the 5th over - 0 runs, 0 hits, 0 errors, 0 left on base; New York 1 - Los Angeles 4
BOTTOM OF THE 5TH
Los Angeles Dodgers batting - Pitching for New York Mets : RHP Manny Aybar
Batting: SHB Jason Varitek 0-0: Fly out, F7 (Flyball, 78S, EV 85.0 MPH)
Batting: RHB Brian L Hunter 0-0: Ball
1-0: Ball
2-0: Called Strike
2-1: Fly out, F9 (Line Drive, 9, EV 89.4 MPH)
Batting: LHB Ryan Klesko 0-0: Fly out, F2 (Popup, 5SF, EV 74.4 MPH)
Bottom of the 5th over - 0 runs, 0 hits, 0 errors, 0 left on base; New York 1 - Los Angeles 4
TOP OF THE 6TH
New York Mets batting - Pitching for Los Angeles Dodgers : RHP Ugueth Urbina
Batting: RHB Tom Pagnozzi 0-0: Called Strike
0-1: Ball
1-1: Ground out 6-3 (Groundball, 6, EV 88.8 MPH)
Pitching: LHP Bill Wilkinson
Batting: LHB Tony Tarasco 0-0: Ball
1-0: Called Strike
1-1: Foul Ball, location: 2F
1-2: Strikes out swinging
Batting: RHB Magglio Ordonez 0-0: Ball
1-0: Called Strike
1-1: Fly out, F7 (Flyball, 78D, EV 95.6 MPH)
Top of the 6th over - 0 runs, 0 hits, 0 errors, 0 left on base; New York 1 - Los Angeles 4
BOTTOM OF THE 6TH
Los Angeles Dodgers batting - Pitching for New York Mets : RHP Manny Aybar
Batting: LHB Shawn Green 0-0: Called Strike
0-1: Ball
1-1: SINGLE (Groundball, 4D, EV 101.9 MPH)
Batting: LHB Rafael Palmeiro 0-0: Swinging Strike
0-1: Ball
Shawn Green steals 2nd base
1-1: Foul Ball, location: 2F
1-2: Strikes out swinging
Batting: RHB Torii Hunter 0-0: Ball
1-0: Ball
2-0: Ball
3-0: Base on Balls
Batting: RHB Joe Randa 0-0: Foul Ball, location: 2F
0-1: Swinging Strike
0-2: Foul Ball, location: 2F
0-2: Foul Ball, location: 2F
0-2: 3-RUN HOME RUN (Flyball, 78XD, EV 88.8 MPH), Distance : 402 ft
Pitching: RHP Paul Abbott
Batting: SHB Jerry Browne 0-0: Ball
1-0: Foul Ball, location: 2F
1-1: Ball
2-1: Ball
3-1: Foul Ball, location: 2F
3-2: Base on Balls
Batting: RHB Homer Bush 0-0: SINGLE (Line Drive, 9LM, EV 105.6 MPH)
Jerry Browne to second
Batting: SHB Jason Varitek 0-0: Ball
1-0: Ball
2-0: Fly out, F6 (Line Drive, 6, EV 70.6 MPH)
Batting: RHB Brian L Hunter 0-0: Fielders Choice at 2nd, U4 (Groundball, 4M, EV 88.1 MPH)
Bottom of the 6th over - 3 runs, 3 hits, 0 errors, 2 left on base; New York 1 - Los Angeles 7
TOP OF THE 7TH
New York Mets batting - Pitching for Los Angeles Dodgers : LHP Bill Wilkinson
Batting: RHB Gary Sheffield 0-0: Called Strike
0-1: Foul Ball, location: 2F
0-2: Ball
1-2: Strikes out swinging
Batting: RHB Sammy Sosa 0-0: Foul Ball, location: 2F
0-1: Called Strike
0-2: Ball
1-2: Ball
2-2: Strikes out swinging
Batting: RHB Phil Nevin 0-0: Ball
1-0: Swinging Strike
1-1: Foul Ball, location: 2F
1-2: Foul Ball, location: 2F
1-2: Foul Ball, location: 2F
1-2: Ball
2-2: Ball
3-2: Strikes out swinging
Top of the 7th over - 0 runs, 0 hits, 0 errors, 0 left on base; New York 1 - Los Angeles 7
BOTTOM OF THE 7TH
Los Angeles Dodgers batting - Pitching for New York Mets : RHP Paul Abbott
Batting: LHB Ryan Klesko 0-0: Called Strike
0-1: Ball
1-1: Foul Ball, location: 2F
1-2: Ball
2-2: Ground out 4-3 (Groundball, 4, EV 83.1 MPH)
Batting: LHB Shawn Green 0-0: Called Strike
0-1: Foul Ball, location: 2F
0-2: Foul Ball, location: 2F
0-2: Ball
1-2: Foul Ball, location: 2F
1-2: Fly out, F9 (Flyball, 9, EV 88.1 MPH)
Batting: LHB Rafael Palmeiro 0-0: Fly out, F7 (Flyball, 7, EV 94.4 MPH)
Bottom of the 7th over - 0 runs, 0 hits, 0 errors, 0 left on base; New York 1 - Los Angeles 7
TOP OF THE 8TH
New York Mets batting - Pitching for Los Angeles Dodgers : LHP Bill Wilkinson
Batting: RHB Greg Colbrunn 0-0: Ball
1-0: Ball
2-0: Called Strike
2-1: Foul Ball, location: 2F
2-2: Foul Ball, location: 2F
2-2: Foul Ball, location: 2F
2-2: Ball
3-2: Fly out, F8 (Flyball, 8RS, EV 83.8 MPH)
Batting: RHB Olmedo Saenz 0-0: Called Strike
0-1: SINGLE (Line Drive, 78M, EV 106.3 MPH)
Pitching: LHP Bill Pulsipher
Batting: LHB B.J. Surhoff 0-0: Called Strike
0-1: Ball
1-1: Ball
2-1: Called Strike
2-2: Foul Ball, location: 2F
2-2: Strikes out swinging
Batting: RHB Tom Pagnozzi 0-0: Foul Ball, location: 2F
0-1: Ball
1-1: Foul Ball, location: 2F
1-2: Foul Ball, location: 2F
1-2: Ball
2-2: Ball
3-2: Foul Ball, location: 2F
3-2: Foul Ball, location: 2F
3-2: Foul Ball, location: 2F
3-2: Fly out, F9 (Flyball, 9S, EV 71.3 MPH)
Top of the 8th over - 0 runs, 1 hit, 0 errors, 1 left on base; New York 1 - Los Angeles 7
BOTTOM OF THE 8TH
Los Angeles Dodgers batting - Pitching for New York Mets : RHP Paul Abbott
Batting: RHB Torii Hunter 0-0: Ball
1-0: Ball
2-0: Swinging Strike
2-1: Fly out, F9 (Flyball, 9S, EV 88.1 MPH)
Batting: RHB Joe Randa 0-0: Ball
1-0: Foul Ball, location: 2F
1-1: Ball
2-1: Ground out 1-3 (Groundball, 34S, EV 77.5 MPH)
Batting: SHB Jerry Browne 0-0: SINGLE (Line Drive, 56D, EV 99.4 MPH)
Batting: RHB Homer Bush 0-0: Called Strike
0-1: Swinging Strike
0-2: Ground out 3-1 (Groundball, 3, EV 82.5 MPH)
Bottom of the 8th over - 0 runs, 1 hit, 0 errors, 1 left on base; New York 1 - Los Angeles 7
TOP OF THE 9TH
New York Mets batting - Pitching for Los Angeles Dodgers : LHP Bill Pulsipher
Batting: LHB Tony Tarasco 0-0: Called Strike
0-1: Called Strike
0-2: Strikes out looking
Batting: RHB Magglio Ordonez 0-0: Ball
1-0: Called Strike
1-1: Ball
2-1: Called Strike
2-2: Fly out, F8 (Flyball, 78M, EV 82.5 MPH)
Batting: RHB Gary Sheffield 0-0: Ball
1-0: Foul Ball, location: 2F
1-1: Ball
2-1: Called Strike
2-2: Foul Ball, location: 2F
2-2: Ball
3-2: Fly out, F8 (Flyball, 8RD, EV 96.9 MPH)
Top of the 9th over - 0 runs, 0 hits, 0 errors, 0 left on base; New York 1 - Los Angeles 7
Friday, February 20th, 2026 - OOTP Baseball 20.8 Build 74